Penguins vs Blackhawks
Created - January 12, 2021 at 20:09
Goals
|
Penguins |
1 |
0 |
1 |
0 |
1 |
3 |
Blackhawks |
1 |
0 |
1 |
0 |
0 |
2 |
|
Shots
|
Penguins |
14 |
10 |
9 |
0 |
3 |
33 |
Blackhawks |
16 |
3 |
16 |
1 |
3 |
36 |
|
1st period
1. Penguins , Steven Stamkos 22 (Nikita Kucherov 22, Marcus Foligno 9) at 4:59
2. Blackhawks , Antoine Roussel 17 (John Carlson 17, Derick Brassard 27) at 10:34 (PP)
Penalties :
Marcus Foligno (Pit) for High sticking (Minor) at 5:57, Mark Stone (Pit) for Roughing (Minor) at 10:07, Ryan Whitney (Chi) for Goalie Interference (Minor) at 17:47
2nd period
No Goal
Penalties :
Ryan Whitney (Chi) for Roughing (Minor) at 0:39, Andreas Martinsen (Pit) for High sticking (Minor) at 11:48
3rd period
3. Penguins , Nikita Kucherov 11 (Steven Stamkos 24) at 5:56 (PP)
4. Blackhawks , Rick Nash 10 (Derick Brassard 28, Antoine Roussel 19) at 19:54
Penalties :
Jimmy Howard (Chi) for Unsportsmanlike conduct (Minor) at 4:59 - Tim Connolly served the penalty, Antoine Roussel (Chi) for Interference (Minor) at 6:48, Andrew Cogliano (Pit) for Hooking (Minor) at 13:45, Keith Aulie (Pit) for Hooking (Minor) at 0:00
Overtime #1
No Goal
Penalties :
No Penalty
Shootout
Penguins, Andrew Cogliano - Stopped by Jimmy Howard
Blackhawks, Antoine Roussel - Stopped by Michal Neuvirth
Penguins, Logan Couture - Goal!
Blackhawks, Derick Brassard - Stopped by Michal Neuvirth
Penguins, Marcus Foligno - Shot Misses the Net
Blackhawks, Johnny Gaudreau - Stopped by Michal Neuvirth
Penalties :
No Penalty
Goalie Stats
Michal Neuvirth (Pit), 34 saves from 36 shots - (0.944), W, 13-12-3, 65:00 minutes
Jimmy Howard (Chi), 31 saves from 33 shots - (0.939), OTL, 12-13-2, 63:52 minutes
Players Stats for Penguins
Player Name G A P +/- PIM S H SB GA TA FO MP PP MP PK MP
------------------------------------------------------------------------------------
Alexei Marchenko 0 0 0 0 0 0 1 0 0 0 0/0 13:15 0:00 0:57
Andreas Martinsen 0 0 0 0 2 1 3 0 0 0 0/0 9:36 0:11 0:33
Andrew Cogliano 0 0 0 -1 2 2 3 0 0 0 0/4 18:01 3:18 2:06
Danny DeKeiser 0 0 0 0 0 4 2 7 0 1 0/0 22:44 3:06 3:11
Dustin Brown 0 0 0 -1 0 2 2 1 0 0 0/0 14:43 0:00 1:23
Eric Gryba 0 0 0 0 0 2 0 0 0 0 0/0 12:00 0:00 0:00
Joe Colborne 0 0 0 0 0 0 2 0 1 0 1/5 14:19 0:00 1:59
Keith Aulie 0 0 0 0 2 2 0 0 0 0 0/0 22:23 3:06 2:14
Logan Couture 0 0 0 -1 0 0 1 0 0 0 13/24 20:26 3:18 5:01
Marcus Foligno 0 1 1 1 2 0 0 1 0 0 0/0 20:51 3:25 2:22
Mark Stone 0 0 0 0 2 2 0 0 0 0 0/1 13:33 3:18 0:00
Nikita Kucherov 1 1 2 1 0 7 4 0 0 0 0/1 20:30 3:36 0:00
Sean Monahan 0 0 0 0 0 4 0 0 0 0 1/2 7:48 0:00 0:00
Sean Zimmerman 0 0 0 0 0 1 3 1 0 0 0/0 30:16 3:48 5:13
Steven Stamkos 1 1 2 1 0 2 2 0 0 0 11/27 21:53 3:36 1:24
Thomas Vanek 0 0 0 0 0 2 0 0 1 0 0/0 11:59 0:00 0:00
Travis Hamonic 0 0 0 0 0 1 1 0 1 1 0/0 29:27 3:48 5:13
Viktor Arvidsson 0 0 0 0 0 1 0 0 0 0 0/0 7:48 0:00 0:00
Players Stats for Blackhawks
Player Name G A P +/- PIM S H SB GA TA FO MP PP MP PK MP
------------------------------------------------------------------------------------
Alexander Wennberg 0 0 0 0 0 2 0 0 0 1 0/0 9:04 0:00 0:00
Antoine Roussel 1 1 2 0 2 7 4 0 1 0 4/8 24:57 3:10 2:42
Brad Boyes 0 0 0 0 0 1 0 1 0 0 0/1 11:09 0:22 0:00
Brent Seabrook 0 0 0 0 0 1 2 2 0 0 0/0 29:51 4:17 3:44
Cody Hodgson 0 0 0 0 0 1 1 0 1 0 2/3 10:34 0:00 1:13
Derick Brassard 0 2 2 0 0 8 1 1 0 0 21/30 25:48 3:10 3:45
Dougie Hamilton 0 0 0 0 0 2 1 0 0 0 0/0 24:00 2:07 3:10
Gabriel Bourque 0 0 0 0 0 1 4 0 0 0 0/0 10:17 0:22 0:24
Garnet Hathaway 0 0 0 0 0 0 3 0 0 0 0/0 10:13 0:22 0:00
John Carlson 0 1 1 0 0 1 3 3 0 0 0/0 29:51 4:17 3:44
Johnny Gaudreau 0 0 0 0 0 4 3 0 0 0 1/3 18:44 2:52 2:45
Matthew Spiller 0 0 0 0 0 1 0 0 0 0 0/0 11:09 0:00 0:00
Nathan Horton 0 0 0 0 0 1 2 0 0 1 0/0 13:12 2:52 0:00
Nick Leddy 0 0 0 0 0 0 0 1 0 1 0/0 24:00 2:07 3:10
Patrick Marleau 0 0 0 0 0 0 0 1 0 0 1/4 11:56 0:00 1:51
Rick Nash 1 0 1 0 0 2 2 1 0 0 0/1 21:55 3:10 1:08
Ryan Whitney 0 0 0 0 4 2 0 0 0 0 0/0 11:18 0:00 0:00
Tim Connolly 0 0 0 0 0 2 1 0 0 0 9/14 15:05 2:52 0:00
3 Stars
1 - Nikita Kucherov (Pit)
2 - Steven Stamkos (Pit)
3 - Michal Neuvirth (Pit)
Power Play
Penguins - 1 on 4 Attempt(s) - 25.00%
Blackhawks - 1 on 5 Attempt(s) - 20.00%
Penalty Kill
Penguins - 4 on 5 Attempt(s) - 80.00%
- Score 0 goal in Penalty Kill
Blackhawks - 3 on 4 Attempt(s) - 75.00%
- Score 0 goal in Penalty Kill
Team Stat
Penguins - Hits : 24 - Faceoff Wins : 26 - Blocked Shots : 10 - Penalty Minutes : 10
Blackhawks - Hits : 27 - Faceoff Wins : 38 - Blocked Shots : 10 - Penalty Minutes : 8
Official
Referees : Unknown
Linesman : Unknown
Game Notes
Nathan Horton is injured at 15:46 of 3rd period (Sprained Left Finger)
Finance
Level 1 -- Attendance: 6000 (100.00%) -- Ticket Income $582,000
Level 2 -- Attendance: 4508 (90.16%) -- Ticket Income $293,020
Level 3 -- Attendance: 1895 (94.75%) -- Ticket Income $75,800
Level 4 -- Attendance: 4000 (100.00%) -- Ticket Income $100,000
Luxury Box -- Attendance: 979 (97.90%) -- Ticket Income $176,220
Game was played at the Rexall Place.
Total Attendance: 17382 (96.57%)
Total Ticket Income: $1,227,040
Other Income: $184,056
Total Income: $1,411,096
Penguins
5 vs 5 Forward
Center Left Wing Right Wing Time % Phy DF OF
1 Steven Stamkos Marcus Foligno Nikita Kucherov 40 0 2 3
2 Logan Couture Andrew Cogliano Mark Stone 30 0 2 3
3 Joe Colborne Thomas Vanek Dustin Brown 20 0 2 3
4 Sean Monahan Andreas Martinsen Viktor Arvidsson 10 0 2 3
5 vs 5 Defense
Defense Defense Time % Phy DF OF
1 Sean Zimmerman Travis Hamonic 40 1 2 2
2 Danny DeKeiser Keith Aulie 30 1 2 2
3 Alexei Marchenko Eric Gryba 20 1 2 2
4 Sean Zimmerman Keith Aulie 10 1 2 2
PowerPlay Forward
Center Left Wing Right Wing Time % Phy DF OF
1 Steven Stamkos Marcus Foligno Nikita Kucherov 60 0 1 4
2 Logan Couture Andrew Cogliano Mark Stone 40 0 1 4
PowerPlay Defense
Defense Defense Time % Phy DF OF
1 Sean Zimmerman Travis Hamonic 60 0 2 3
2 Danny DeKeiser Keith Aulie 40 0 2 3
Penalty Kill 4 Players Forward
Center Wing Time % Phy DF OF
1 Logan Couture Marcus Foligno 60 1 3 1
2 Joe Colborne Dustin Brown 40 1 3 1
Penalty Kill 4 Players Defense
Defense Defense Time % Phy DF OF
1 Sean Zimmerman Travis Hamonic 60 1 3 1
2 Danny DeKeiser Keith Aulie 40 1 3 1
Penalty Kill - 3 Players Forward
Forward Time % Phy DF OF
1 Logan Couture 60 1 3 1
2 Joe Colborne 40 1 3 1
Penalty Kill - 3 Players Defense
Defense Defense Time % Phy DF OF
1 Sean Zimmerman Travis Hamonic 60 1 3 1
2 Danny DeKeiser Keith Aulie 40 1 3 1
4 vs 4 Forward
Center Wing Time % Phy DF OF
1 Steven Stamkos Nikita Kucherov 60 0 2 3
2 Logan Couture Andrew Cogliano 40 0 2 3
4 vs 4 Defense
Defense Defense Time % Phy DF OF
1 Sean Zimmerman Travis Hamonic 60 1 2 2
2 Danny DeKeiser Keith Aulie 40 1 2 2
Last Minutes Offensive
Center Left Wing Right Wing Defense Defense
Steven Stamkos Andrew Cogliano Nikita Kucherov Sean Zimmerman Travis Hamonic
Last Minutes Defensive
Center Left Wing Right Wing Defense Defense
Logan Couture Andrew Cogliano Dustin Brown Sean Zimmerman Travis Hamonic
Goaltenders
Starting : Michal Neuvirth
Backup : Sergei Bobrovsky
Extra Forwards
Normal : Steven Stamkos, Nikita Kucherov, Andrew Cogliano - PP : Steven Stamkos, Andrew Cogliano - PK : Logan Couture
Extra Defensemen
Normal : Sean Zimmerman, Danny DeKeiser, Alexei Marchenko - PP : Keith Aulie - PK : Sean Zimmerman, Danny DeKeiser
Penalty Shots
Andrew Cogliano, Logan Couture, Marcus Foligno, Nikita Kucherov, Steven Stamkos
Scratches
Marian Hossa (Healthy)
Blackhawks
5 vs 5 Forward
Center Left Wing Right Wing Time % Phy DF OF
1 Derick Brassard Antoine Roussel Rick Nash 40 1 2 2
2 Tim Connolly Johnny Gaudreau Nathan Horton 30 1 2 2
3 Cody Hodgson Patrick Marleau Brad Boyes 20 1 2 2
4 Alexander Wennberg Gabriel Bourque Garnet Hathaway 10 1 2 2
5 vs 5 Defense
Defense Defense Time % Phy DF OF
1 John Carlson Brent Seabrook 40 1 2 2
2 Nick Leddy Dougie Hamilton 30 1 2 2
3 Matthew Spiller Ryan Whitney 20 1 2 2
4 John Carlson Brent Seabrook 10 1 2 2
PowerPlay Forward
Center Left Wing Right Wing Time % Phy DF OF
1 Derick Brassard Antoine Roussel Rick Nash 60 1 2 2
2 Tim Connolly Johnny Gaudreau Nathan Horton 40 1 2 2
PowerPlay Defense
Defense Defense Time % Phy DF OF
1 John Carlson Brent Seabrook 60 1 2 2
2 Nick Leddy Dougie Hamilton 40 1 2 2
Penalty Kill 4 Players Forward
Center Wing Time % Phy DF OF
1 Antoine Roussel Derick Brassard 60 1 2 2
2 Johnny Gaudreau Rick Nash 40 1 2 2
Penalty Kill 4 Players Defense
Defense Defense Time % Phy DF OF
1 John Carlson Brent Seabrook 60 1 2 2
2 Nick Leddy Dougie Hamilton 40 1 2 2
Penalty Kill - 3 Players Forward
Forward Time % Phy DF OF
1 Antoine Roussel 60 1 2 2
2 Derick Brassard 40 1 2 2
Penalty Kill - 3 Players Defense
Defense Defense Time % Phy DF OF
1 John Carlson Brent Seabrook 60 1 2 2
2 Nick Leddy Dougie Hamilton 40 1 2 2
4 vs 4 Forward
Center Wing Time % Phy DF OF
1 Antoine Roussel Derick Brassard 60 1 2 2
2 Johnny Gaudreau Rick Nash 40 1 2 2
4 vs 4 Defense
Defense Defense Time % Phy DF OF
1 John Carlson Brent Seabrook 60 1 2 2
2 Nick Leddy Dougie Hamilton 40 1 2 2
Last Minutes Offensive
Center Left Wing Right Wing Defense Defense
Derick Brassard Antoine Roussel Rick Nash John Carlson Brent Seabrook
Last Minutes Defensive
Center Left Wing Right Wing Defense Defense
Derick Brassard Antoine Roussel Rick Nash John Carlson Brent Seabrook
Goaltenders
Starting : Jimmy Howard
Backup : Pekka Rinne
Extra Forwards
Normal : Tim Connolly, Brad Boyes, Patrick Marleau - PP : Tim Connolly, Brad Boyes - PK : Patrick Marleau
Extra Defensemen
Normal : Matthew Spiller, Ryan Whitney, Nick Leddy - PP : Matthew Spiller - PK : Ryan Whitney, Nick Leddy
Penalty Shots
Antoine Roussel, Derick Brassard, Johnny Gaudreau, Rick Nash, Cody Hodgson
Scratches
Petter Granberg (Healthy)
% Time on Ice - Penguins
Lines # - Real PCT - Wanted PCT - Time Play
Normal Forward
1 - 33% - 40% - 15:18
2 - 23% - 30% - 10:37
3 - 26% - 20% - 11:59
4 - 17% - 10% - 7:48
Normal Defense
1 - 39% - 40% - 17:43
2 - 33% - 30% - 15:10
3 - 26% - 20% - 12:00
4 - 2% - 10% - 0:49
PP Forward
1 - 52% - 60% - 3:36
2 - 48% - 40% - 3:18
PP Defense
1 - 55% - 60% - 3:48
2 - 45% - 40% - 3:06
PK Forward
1 - 78% - 60% - 5:01
2 - 22% - 40% - 1:23
PK Defense
1 - 65% - 60% - 4:10
2 - 35% - 40% - 2:14
PK3 Forward
1 - 70% - 60% - 1:24
2 - 30% - 40% - 0:36
PK3 Defense
1 - 53% - 60% - 1:03
2 - 48% - 40% - 0:57
44 Forward
1 - 95% - 60% - 2:51
2 - 5% - 40% - 0:09
44 Defense
1 - 57% - 60% - 1:43
2 - 43% - 40% - 1:17
Last Minute Offensive - 0:00
Last Minute Defensive - 1:00
Total
Forward - 65:00
Defense - 65:00
|
% Time on Ice - Blackhawks
Lines # - Real PCT - Wanted PCT - Time Play
Normal Forward
1 - 34% - 40% - 15:31
2 - 26% - 30% - 11:37
3 - 20% - 20% - 9:20
4 - 20% - 10% - 9:04
Normal Defense
1 - 40% - 40% - 18:12
2 - 34% - 30% - 15:19
3 - 24% - 20% - 11:09
4 - 2% - 10% - 0:52
PP Forward
1 - 55% - 60% - 3:32
2 - 45% - 40% - 2:52
PP Defense
1 - 67% - 60% - 4:17
2 - 33% - 40% - 2:07
PK Forward
1 - 84% - 60% - 5:46
2 - 16% - 40% - 1:08
PK Defense
1 - 54% - 60% - 3:44
2 - 46% - 40% - 3:10
PK3 Forward
1 - 0% - 60%
2 - 0% - 40%
PK3 Defense
1 - 0% - 60%
2 - 0% - 40%
44 Forward
1 - 73% - 60% - 3:40
2 - 27% - 40% - 1:20
44 Defense
1 - 55% - 60% - 2:46
2 - 45% - 40% - 2:14
Last Minute Offensive - 1:10
Last Minute Defensive - 0:00
Total
Forward - 65:00
Defense - 65:00
|
Play-by-Play
1st period
0:01 of 1st period - Steven Stamkos wins face-off versus Derick Brassard in neutral zone.
0:04 of 1st period - Wrist shot by Nikita Kucherov.
0:04 of 1st period - Stopped by Jimmy Howard without a rebound.
0:05 of 1st period - Derick Brassard wins face-off versus Steven Stamkos in Blackhawks zone.
0:18 of 1st period - Snap shot by Nikita Kucherov.
0:18 of 1st period - Stopped by Jimmy Howard with a rebound.
0:20 of 1st period - Slapshot by Travis Hamonic.
0:20 of 1st period - Shot Blocked by Brent Seabrook.
0:34 of 1st period - Wrist shot by Antoine Roussel.
0:34 of 1st period - Shot Misses the Net.
0:41 of 1st period - Off-side.
0:42 of 1st period - Joe Colborne wins face-off versus Patrick Marleau in neutral zone.
1:08 of 1st period - Gabriel Bourque is hit by Andreas Martinsen and loses puck.
2:18 of 1st period - Icing by Sean Zimmerman.
2:19 of 1st period - Tim Connolly wins face-off versus Joe Colborne in Penguins zone.
2:52 of 1st period - Snap shot by Thomas Vanek.
2:52 of 1st period - Stopped by Jimmy Howard without a rebound.
2:53 of 1st period - Steven Stamkos wins face-off versus Derick Brassard in Blackhawks zone.
2:56 of 1st period - Snap shot by Nikita Kucherov.
2:56 of 1st period - Stopped by Jimmy Howard with a rebound.
3:20 of 1st period - Patrick Marleau is hit by Logan Couture and loses puck.
4:27 of 1st period - Wrist shot by Nikita Kucherov.
4:27 of 1st period - Stopped by Jimmy Howard without a rebound.
4:28 of 1st period - Steven Stamkos wins face-off versus Antoine Roussel in Blackhawks zone.
4:39 of 1st period - Snap shot by Steven Stamkos.
4:39 of 1st period - Stopped by Jimmy Howard with a rebound.
4:41 of 1st period - Snap shot by Sean Zimmerman.
4:41 of 1st period - Shot Blocked by Nick Leddy.
4:45 of 1st period - Snap shot by Nikita Kucherov.
4:45 of 1st period - Shot Misses the Net.
4:59 of 1st period - Slapshot by Steven Stamkos.
4:59 of 1st period - Goal by Steven Stamkos - Penguins : 1 - Blackhawks : 0.
5:00 of 1st period - Logan Couture wins face-off versus Derick Brassard in neutral zone.
5:11 of 1st period - Snap shot by Derick Brassard.
5:11 of 1st period - Stopped by Michal Neuvirth with a rebound.
5:13 of 1st period - Snap shot by Antoine Roussel.
5:13 of 1st period - Shot Misses the Net.
5:39 of 1st period - Snap shot by Sean Monahan.
5:39 of 1st period - Stopped by Jimmy Howard with a rebound.
5:51 of 1st period - Wrist shot by Antoine Roussel.
5:51 of 1st period - Stopped by Michal Neuvirth without a rebound.
5:52 of 1st period - Tim Connolly wins face-off versus Steven Stamkos in Penguins zone.
5:55 of 1st period - Snap shot by Tim Connolly.
5:55 of 1st period - Shot Blocked by Danny DeKeiser.
5:57 of 1st period - Minor Penalty to Marcus Foligno for High sticking.
5:58 of 1st period - Logan Couture wins face-off versus Tim Connolly in Penguins zone.
5:58 of 1st period - Logan Couture is hit by Johnny Gaudreau.
6:53 of 1st period - Slapshot by Johnny Gaudreau.
6:53 of 1st period - Shot Blocked by Danny DeKeiser.
6:55 of 1st period - Slapshot by Brent Seabrook.
6:55 of 1st period - Shot Blocked by Danny DeKeiser.
6:57 of 1st period - Backhand shot by Tim Connolly.
6:57 of 1st period - Stopped by Michal Neuvirth without a rebound.
6:58 of 1st period - Derick Brassard wins face-off versus Logan Couture in Penguins zone.
7:13 of 1st period - Slapshot by Antoine Roussel.
7:13 of 1st period - Deflect By Derick Brassard.
7:13 of 1st period - Stopped by Michal Neuvirth with a rebound.
7:15 of 1st period - Slapshot by Rick Nash.
7:15 of 1st period - Shot Blocked by Sean Zimmerman.
7:43 of 1st period - Slapshot by Keith Aulie.
7:43 of 1st period - Stopped by Jimmy Howard without a rebound.
7:44 of 1st period - Tim Connolly wins face-off versus Joe Colborne in Blackhawks zone.
7:57 of 1st period - Penalty to Marcus Foligno is over, Marcus Foligno is back on ice.
8:01 of 1st period - Sean Zimmerman is hit by Antoine Roussel and loses puck.
9:15 of 1st period - Wrist shot by Sean Monahan.
9:15 of 1st period - Shot Blocked by Brad Boyes.
9:19 of 1st period - Snap shot by Sean Monahan.
9:19 of 1st period - Stopped by Jimmy Howard without a rebound.
9:20 of 1st period - Logan Couture wins face-off versus Tim Connolly in Blackhawks zone.
9:27 of 1st period - Slapshot by Mark Stone.
9:27 of 1st period - Stopped by Jimmy Howard with a rebound.
9:29 of 1st period - Wrist shot by Andrew Cogliano.
9:29 of 1st period - Shot Misses the Net.
9:31 of 1st period - Slapshot by Sean Zimmerman.
9:31 of 1st period - Stopped by Jimmy Howard with a rebound.
9:45 of 1st period - Marcus Foligno is hit by Rick Nash and loses puck.
9:50 of 1st period - Snap shot by Rick Nash.
9:50 of 1st period - Stopped by Michal Neuvirth with a rebound.
9:52 of 1st period - Snap shot by Antoine Roussel.
9:52 of 1st period - Stopped by Michal Neuvirth with a rebound.
9:54 of 1st period - Snap shot by Antoine Roussel.
9:54 of 1st period - Stopped by Michal Neuvirth with a rebound.
9:56 of 1st period - Slapshot by Ryan Whitney.
9:56 of 1st period - Stopped by Michal Neuvirth without a rebound.
9:57 of 1st period - Tim Connolly wins face-off versus Andrew Cogliano in Penguins zone.
9:58 of 1st period - Wrist shot by Johnny Gaudreau.
9:58 of 1st period - Shot Hit the Post.
10:00 of 1st period - Snap shot by Matthew Spiller.
10:00 of 1st period - Stopped by Michal Neuvirth without a rebound.
10:01 of 1st period - Derick Brassard wins face-off versus Logan Couture in Penguins zone.
10:04 of 1st period - Wrist shot by Antoine Roussel.
10:04 of 1st period - Stopped by Michal Neuvirth without a rebound.
10:05 of 1st period - Logan Couture wins face-off versus Antoine Roussel in Penguins zone.
10:07 of 1st period - Minor Penalty to Mark Stone for Roughing.
10:08 of 1st period - Derick Brassard wins face-off versus Logan Couture in Penguins zone.
10:24 of 1st period - Wrist shot by Derick Brassard.
10:24 of 1st period - Deflect By Rick Nash.
10:24 of 1st period - Shot Misses the Net.
10:24 of 1st period - Puck is out of play.
10:25 of 1st period - Derick Brassard wins face-off versus Logan Couture in Penguins zone.
10:28 of 1st period - Wrist shot by Antoine Roussel.
10:28 of 1st period - Shot Misses the Net.
10:30 of 1st period - Snap shot by Antoine Roussel.
10:30 of 1st period - Shot Misses the Net.
10:32 of 1st period - Snap shot by Derick Brassard.
10:32 of 1st period - Shot Blocked by Marcus Foligno.
10:34 of 1st period - Slapshot by John Carlson.
10:34 of 1st period - Deflect By Antoine Roussel.
10:34 of 1st period - Goal by Antoine Roussel - Penguins : 1 - Blackhawks : 1.
10:35 of 1st period - Tim Connolly wins face-off versus Steven Stamkos in neutral zone.
10:46 of 1st period - Wrist shot by Johnny Gaudreau.
10:46 of 1st period - Stopped by Michal Neuvirth without a rebound.
10:47 of 1st period - Derick Brassard wins face-off versus Mark Stone in Penguins zone.
10:57 of 1st period - Wrist shot by Logan Couture.
10:57 of 1st period - Shot Misses the Net.
10:59 of 1st period - Backhand shot by Travis Hamonic.
10:59 of 1st period - Deflect By Logan Couture.
10:59 of 1st period - Shot Misses the Net.
10:59 of 1st period - Puck is out of play.
11:00 of 1st period - Derick Brassard wins face-off versus Steven Stamkos in Blackhawks zone.
11:50 of 1st period - Nick Leddy is hit by Travis Hamonic and loses puck.
12:28 of 1st period - Sean Zimmerman is hit by Derick Brassard and loses puck.
12:51 of 1st period - Snap shot by Nikita Kucherov.
12:51 of 1st period - Stopped by Jimmy Howard with a rebound.
14:09 of 1st period - Danny DeKeiser is hit by Gabriel Bourque and loses puck.
14:40 of 1st period - Logan Couture is hit by Cody Hodgson and loses puck.
15:01 of 1st period - Andreas Martinsen is hit by Antoine Roussel and loses puck.
15:08 of 1st period - Wrist shot by Derick Brassard.
15:08 of 1st period - Stopped by Michal Neuvirth without a rebound.
15:09 of 1st period - Derick Brassard wins face-off versus Steven Stamkos in Penguins zone.
15:20 of 1st period - Snap shot by Derick Brassard.
15:20 of 1st period - Shot Misses the Net.
15:40 of 1st period - Snap shot by Johnny Gaudreau.
15:40 of 1st period - Shot Misses the Net.
16:00 of 1st period - Snap shot by Cody Hodgson.
16:00 of 1st period - Stopped by Michal Neuvirth with a rebound.
16:43 of 1st period - Snap shot by Derick Brassard.
16:43 of 1st period - Stopped by Michal Neuvirth with a rebound.
17:01 of 1st period - Slapshot by Thomas Vanek.
17:01 of 1st period - Stopped by Jimmy Howard without a rebound.
17:02 of 1st period - Tim Connolly wins face-off versus Joe Colborne in Blackhawks zone.
17:15 of 1st period - Slapshot by Johnny Gaudreau.
17:15 of 1st period - Stopped by Michal Neuvirth with a rebound.
17:27 of 1st period - Snap shot by Johnny Gaudreau.
17:27 of 1st period - Deflect By Keith Aulie.
17:27 of 1st period - Shot Blocked by Dustin Brown.
17:27 of 1st period - Puck is out of play.
17:28 of 1st period - Derick Brassard wins face-off versus Steven Stamkos in Penguins zone.
17:47 of 1st period - Minor Penalty to Ryan Whitney for Goalie Interference.
17:48 of 1st period - Antoine Roussel wins face-off versus Steven Stamkos in Blackhawks zone.
18:52 of 1st period - Johnny Gaudreau is hit by Andrew Cogliano and loses puck.
19:29 of 1st period - Andrew Cogliano is hit by Gabriel Bourque and loses puck.
19:47 of 1st period - Penalty to Ryan Whitney is over, Ryan Whitney is back on ice.
19:58 of 1st period - Ryan Whitney is hit by Dustin Brown and loses puck.
Goals for this period are 1 for Penguins vs 1 for Blackhawks.
Shots for this period are 14 for Penguins vs 16 for Blackhawks.
2nd period
0:01 of 2nd period - Steven Stamkos wins face-off versus Derick Brassard in neutral zone.
0:10 of 2nd period - Wrist shot by Nikita Kucherov.
0:10 of 2nd period - Shot Blocked by John Carlson.
0:16 of 2nd period - Snap shot by Nikita Kucherov.
0:16 of 2nd period - Shot Blocked by Rick Nash.
0:34 of 2nd period - Wrist shot by Logan Couture.
0:34 of 2nd period - Shot Misses the Net.
0:36 of 2nd period - Slapshot by Keith Aulie.
0:36 of 2nd period - Stopped by Jimmy Howard without a rebound.
0:37 of 2nd period - Derick Brassard wins face-off versus Steven Stamkos in Blackhawks zone.
0:39 of 2nd period - Minor Penalty to Ryan Whitney for Roughing.
0:40 of 2nd period - Derick Brassard wins face-off versus Steven Stamkos in Blackhawks zone.
0:54 of 2nd period - John Carlson is hit by Nikita Kucherov and loses puck.
1:17 of 2nd period - Slapshot by Travis Hamonic.
1:17 of 2nd period - Shot Misses the Net.
2:16 of 2nd period - Rick Nash is hit by Andrew Cogliano and loses puck.
2:39 of 2nd period - Penalty to Ryan Whitney is over, Ryan Whitney is back on ice.
2:43 of 2nd period - Nick Leddy is hit by Andreas Martinsen and loses puck.
3:20 of 2nd period - Snap shot by Cody Hodgson.
3:20 of 2nd period - Shot Misses the Net.
4:08 of 2nd period - Snap shot by Logan Couture.
4:08 of 2nd period - Shot Misses the Net.
4:58 of 2nd period - Sean Zimmerman is hit by Johnny Gaudreau.
5:21 of 2nd period - Joe Colborne is hit by Garnet Hathaway and loses puck.
6:10 of 2nd period - Matthew Spiller is hit by Sean Zimmerman and loses puck.
6:19 of 2nd period - Dustin Brown is hit by Gabriel Bourque and loses puck.
6:30 of 2nd period - Gabriel Bourque is hit by Dustin Brown and loses puck.
6:57 of 2nd period - Dougie Hamilton is hit by Alexei Marchenko and loses puck.
7:19 of 2nd period - Backhand shot by Danny DeKeiser.
7:19 of 2nd period - Deflect By John Carlson.
7:19 of 2nd period - Stopped by Jimmy Howard with a rebound.
7:21 of 2nd period - Slapshot by Danny DeKeiser.
7:21 of 2nd period - Stopped by Jimmy Howard with a rebound.
7:33 of 2nd period - Slapshot by John Carlson.
7:33 of 2nd period - Shot Blocked by Danny DeKeiser.
7:39 of 2nd period - Snap shot by Alexander Wennberg.
7:39 of 2nd period - Stopped by Michal Neuvirth with a rebound.
7:41 of 2nd period - Snap shot by Gabriel Bourque.
7:41 of 2nd period - Shot Blocked by Danny DeKeiser.
7:43 of 2nd period - Wrist shot by Gabriel Bourque.
7:43 of 2nd period - Shot Misses the Net.
7:45 of 2nd period - Snap shot by Alexander Wennberg.
7:45 of 2nd period - Shot Misses the Net.
7:47 of 2nd period - Slapshot by Brent Seabrook.
7:47 of 2nd period - Shot Misses the Net.
8:15 of 2nd period - Danny DeKeiser is hit by Garnet Hathaway and loses puck.
8:26 of 2nd period - Wrist shot by Dustin Brown.
8:26 of 2nd period - Stopped by Jimmy Howard without a rebound.
8:27 of 2nd period - Derick Brassard wins face-off versus Nikita Kucherov in Blackhawks zone.
8:35 of 2nd period - Off-side.
8:36 of 2nd period - Derick Brassard wins face-off versus Steven Stamkos in neutral zone.
9:19 of 2nd period - Snap shot by Nikita Kucherov.
9:19 of 2nd period - Deflect By Rick Nash.
9:19 of 2nd period - Stopped by Jimmy Howard without a rebound.
9:20 of 2nd period - Logan Couture wins face-off versus Tim Connolly in Blackhawks zone.
10:05 of 2nd period - Icing by Sean Monahan.
10:06 of 2nd period - Sean Monahan wins face-off versus Rick Nash in Penguins zone.
10:36 of 2nd period - Derick Brassard is hit by Steven Stamkos and loses puck.
11:13 of 2nd period - Wrist shot by Marcus Foligno.
11:13 of 2nd period - Shot Misses the Net.
11:15 of 2nd period - Snap shot by Steven Stamkos.
11:15 of 2nd period - Shot Misses the Net.
11:17 of 2nd period - Snap shot by Nikita Kucherov.
11:17 of 2nd period - Shot Blocked by Derick Brassard.
11:19 of 2nd period - Slapshot by Eric Gryba.
11:19 of 2nd period - Stopped by Jimmy Howard without a rebound.
11:20 of 2nd period - Tim Connolly wins face-off versus Logan Couture in Blackhawks zone.
11:48 of 2nd period - Minor Penalty to Andreas Martinsen for High sticking.
11:49 of 2nd period - Logan Couture wins face-off versus Tim Connolly in Penguins zone.
11:58 of 2nd period - Logan Couture is hit by John Carlson and loses puck.
12:13 of 2nd period - Nathan Horton is hit by Sean Zimmerman and loses puck.
12:26 of 2nd period - Logan Couture is hit by Antoine Roussel and loses puck.
13:06 of 2nd period - Nick Leddy is hit by Joe Colborne and loses puck.
13:29 of 2nd period - Andrew Cogliano is hit by Garnet Hathaway and loses puck.
13:41 of 2nd period - Icing by Dougie Hamilton.
13:42 of 2nd period - Logan Couture wins face-off versus Brad Boyes in Blackhawks zone.
13:48 of 2nd period - Penalty to Andreas Martinsen is over, Andreas Martinsen is back on ice.
13:51 of 2nd period - Andreas Martinsen is hit by Dougie Hamilton and loses puck.
14:37 of 2nd period - Off-side.
14:38 of 2nd period - Tim Connolly wins face-off versus Sean Monahan in neutral zone.
15:03 of 2nd period - Steven Stamkos is hit by Antoine Roussel and loses puck.
15:49 of 2nd period - Wrist shot by Joe Colborne.
15:49 of 2nd period - Shot Misses the Net.
15:53 of 2nd period - Snap shot by Joe Colborne.
15:53 of 2nd period - Shot Misses the Net.
15:55 of 2nd period - Slapshot by Danny DeKeiser.
15:55 of 2nd period - Stopped by Jimmy Howard with a rebound.
16:05 of 2nd period - Nick Leddy is hit by Nikita Kucherov and loses puck.
16:22 of 2nd period - Snap shot by Johnny Gaudreau.
16:22 of 2nd period - Shot Misses the Net.
16:28 of 2nd period - Slapshot by Eric Gryba.
16:28 of 2nd period - Stopped by Jimmy Howard with a rebound.
16:52 of 2nd period - Antoine Roussel is hit by Danny DeKeiser and loses puck.
17:15 of 2nd period - Backhand shot by Gabriel Bourque.
17:15 of 2nd period - Stopped by Michal Neuvirth with a rebound.
17:17 of 2nd period - Slapshot by Brent Seabrook.
17:17 of 2nd period - Shot Misses the Net.
18:03 of 2nd period - Slapshot by Sean Monahan.
18:03 of 2nd period - Stopped by Jimmy Howard with a rebound.
18:25 of 2nd period - Slapshot by Brent Seabrook.
18:25 of 2nd period - Shot Blocked by Danny DeKeiser.
18:38 of 2nd period - Off-side.
18:39 of 2nd period - Cody Hodgson wins face-off versus Steven Stamkos in neutral zone.
18:42 of 2nd period - Slapshot by John Carlson.
18:42 of 2nd period - Deflect By Brad Boyes.
18:42 of 2nd period - Stopped by Michal Neuvirth without a rebound.
18:43 of 2nd period - Steven Stamkos wins face-off versus Cody Hodgson in Penguins zone.
18:43 of 2nd period - Steven Stamkos is hit by John Carlson.
19:16 of 2nd period - Wrist shot by Steven Stamkos.
19:16 of 2nd period - Shot Blocked by Brent Seabrook.
19:18 of 2nd period - Snap shot by Sean Zimmerman.
19:18 of 2nd period - Shot Blocked by Patrick Marleau.
19:44 of 2nd period - Snap shot by Steven Stamkos.
19:44 of 2nd period - Shot Misses the Net.
19:46 of 2nd period - Wrist shot by Travis Hamonic.
19:46 of 2nd period - Stopped by Jimmy Howard without a rebound.
19:47 of 2nd period - Derick Brassard wins face-off versus Logan Couture in Blackhawks zone.
Goals for this period are 0 for Penguins vs 0 for Blackhawks.
Shots for this period are 10 for Penguins vs 3 for Blackhawks.
3rd period
0:01 of 3rd period - Steven Stamkos wins face-off versus Derick Brassard in neutral zone.
0:04 of 3rd period - Slapshot by Sean Zimmerman.
0:04 of 3rd period - Shot Blocked by John Carlson.
0:09 of 3rd period - Off-side.
0:10 of 3rd period - Derick Brassard wins face-off versus Steven Stamkos in neutral zone.
0:39 of 3rd period - Wrist shot by Derick Brassard.
0:39 of 3rd period - Stopped by Michal Neuvirth without a rebound.
0:40 of 3rd period - Logan Couture wins face-off versus Tim Connolly in Penguins zone.
0:40 of 3rd period - Danny DeKeiser is hit by Nathan Horton.
0:52 of 3rd period - Wrist shot by Tim Connolly.
0:52 of 3rd period - Stopped by Michal Neuvirth with a rebound.
0:54 of 3rd period - Wrist shot by Ryan Whitney.
0:54 of 3rd period - Stopped by Michal Neuvirth with a rebound.
0:56 of 3rd period - Slapshot by Nathan Horton.
0:56 of 3rd period - Shot Misses the Net.
1:06 of 3rd period - Patrick Marleau is hit by Joe Colborne.
1:17 of 3rd period - Snap shot by Dustin Brown.
1:17 of 3rd period - Stopped by Jimmy Howard without a rebound.
1:18 of 3rd period - Steven Stamkos wins face-off versus Derick Brassard in Blackhawks zone.
1:45 of 3rd period - Sean Zimmerman is hit by Tim Connolly and loses puck.
2:28 of 3rd period - Backhand shot by Dougie Hamilton.
2:28 of 3rd period - Shot Blocked by Danny DeKeiser.
2:30 of 3rd period - Snap shot by Alexander Wennberg.
2:30 of 3rd period - Stopped by Michal Neuvirth with a rebound.
2:32 of 3rd period - Backhand shot by Dougie Hamilton.
2:32 of 3rd period - Stopped by Michal Neuvirth with a rebound.
2:34 of 3rd period - Snap shot by Dougie Hamilton.
2:34 of 3rd period - Stopped by Michal Neuvirth without a rebound.
2:35 of 3rd period - Derick Brassard wins face-off versus Steven Stamkos in Penguins zone.
2:43 of 3rd period - Keith Aulie is hit by Brent Seabrook and loses puck.
2:48 of 3rd period - Wrist shot by Steven Stamkos.
2:48 of 3rd period - Shot Misses the Net.
3:25 of 3rd period - Slapshot by John Carlson.
3:25 of 3rd period - Deflect By Johnny Gaudreau.
3:25 of 3rd period - Stopped by Michal Neuvirth without a rebound.
3:26 of 3rd period - Tim Connolly wins face-off versus Logan Couture in Penguins zone.
4:57 of 3rd period - Snap shot by Viktor Arvidsson.
4:57 of 3rd period - Stopped by Jimmy Howard with a rebound.
4:59 of 3rd period - Wrist shot by Sean Monahan.
4:59 of 3rd period - Stopped by Jimmy Howard without a rebound.
4:59 of 3rd period - Minor Penalty to Jimmy Howard for Unsportsmanlike conduct.
5:00 of 3rd period - Antoine Roussel wins face-off versus Steven Stamkos in Blackhawks zone.
5:00 of 3rd period - Antoine Roussel is hit by Nikita Kucherov.
5:12 of 3rd period - John Carlson is hit by Nikita Kucherov and loses puck.
5:36 of 3rd period - Slapshot by Logan Couture.
5:36 of 3rd period - Deflect By John Carlson.
5:36 of 3rd period - Shot Misses the Net.
5:36 of 3rd period - Puck is out of play.
5:37 of 3rd period - Johnny Gaudreau wins face-off versus Logan Couture in Blackhawks zone.
5:52 of 3rd period - Slapshot by Andrew Cogliano.
5:52 of 3rd period - Stopped by Jimmy Howard without a rebound.
5:53 of 3rd period - Steven Stamkos wins face-off versus Antoine Roussel in Blackhawks zone.
5:56 of 3rd period - Snap shot by Nikita Kucherov.
5:56 of 3rd period - Goal by Nikita Kucherov - Penguins : 2 - Blackhawks : 1.
5:57 of 3rd period - Steven Stamkos wins face-off versus Derick Brassard in neutral zone.
6:06 of 3rd period - Snap shot by Antoine Roussel.
6:06 of 3rd period - Shot Misses the Net.
6:14 of 3rd period - Steven Stamkos is hit by Rick Nash and loses puck.
6:48 of 3rd period - Minor Penalty to Antoine Roussel for Interference.
6:49 of 3rd period - Logan Couture wins face-off versus Patrick Marleau in Blackhawks zone.
6:53 of 3rd period - Snap shot by Mark Stone.
6:53 of 3rd period - Stopped by Jimmy Howard without a rebound.
6:54 of 3rd period - Logan Couture wins face-off versus Patrick Marleau in Blackhawks zone.
7:31 of 3rd period - Snap shot by Andrew Cogliano.
7:31 of 3rd period - Stopped by Jimmy Howard with a rebound.
7:33 of 3rd period - Wrist shot by Danny DeKeiser.
7:33 of 3rd period - Stopped by Jimmy Howard without a rebound.
7:34 of 3rd period - Patrick Marleau wins face-off versus Steven Stamkos in Blackhawks zone.
8:48 of 3rd period - Penalty to Antoine Roussel is over, Antoine Roussel is back on ice.
9:06 of 3rd period - Eric Gryba is hit by Brent Seabrook.
9:26 of 3rd period - Snap shot by John Carlson.
9:26 of 3rd period - Deflect By Derick Brassard.
9:26 of 3rd period - Stopped by Michal Neuvirth with a rebound.
9:28 of 3rd period - Slapshot by Derick Brassard.
9:28 of 3rd period - Shot Misses the Net.
10:59 of 3rd period - Nathan Horton is hit by Danny DeKeiser and loses puck.
11:47 of 3rd period - Steven Stamkos is hit by Gabriel Bourque and loses puck.
12:08 of 3rd period - Snap shot by Johnny Gaudreau.
12:08 of 3rd period - Deflect By Nathan Horton.
12:08 of 3rd period - Stopped by Michal Neuvirth with a rebound.
13:38 of 3rd period - Dougie Hamilton is hit by Andrew Cogliano.
13:45 of 3rd period - Minor Penalty to Andrew Cogliano for Hooking.
13:46 of 3rd period - Derick Brassard wins face-off versus Logan Couture in Penguins zone.
13:58 of 3rd period - Snap shot by Derick Brassard.
13:58 of 3rd period - Stopped by Michal Neuvirth without a rebound.
13:59 of 3rd period - Derick Brassard wins face-off versus Logan Couture in Penguins zone.
14:02 of 3rd period - Wrist shot by Antoine Roussel.
14:02 of 3rd period - Stopped by Michal Neuvirth without a rebound.
14:03 of 3rd period - Logan Couture wins face-off versus Derick Brassard in Penguins zone.
14:45 of 3rd period - Danny DeKeiser is hit by Nathan Horton and loses puck.
15:45 of 3rd period - Penalty to Andrew Cogliano is over, Andrew Cogliano is back on ice.
15:45 of 3rd period - Nathan Horton is hit by Steven Stamkos and loses puck.
15:46 of 3rd period - Nathan Horton from Blackhawks is injured at 15:46 of 3rd period (Sprained Left Finger).
15:47 of 3rd period - Cody Hodgson wins face-off versus Steven Stamkos in Blackhawks zone.
15:52 of 3rd period - Wrist shot by Brent Seabrook.
15:52 of 3rd period - Stopped by Michal Neuvirth with a rebound.
16:02 of 3rd period - Slapshot by John Carlson.
16:02 of 3rd period - Stopped by Michal Neuvirth without a rebound.
16:03 of 3rd period - Logan Couture wins face-off versus Derick Brassard in Penguins zone.
16:08 of 3rd period - Snap shot by Andrew Cogliano.
16:08 of 3rd period - Shot Blocked by John Carlson.
16:22 of 3rd period - Andrew Cogliano is hit by John Carlson.
17:44 of 3rd period - Wrist shot by Sean Monahan.
17:44 of 3rd period - Deflect By Andreas Martinsen.
17:44 of 3rd period - Stopped by Jimmy Howard with a rebound.
18:38 of 3rd period - Snap shot by Antoine Roussel.
18:38 of 3rd period - Deflect By Derick Brassard.
18:38 of 3rd period - Stopped by Michal Neuvirth with a rebound.
18:46 of 3rd period - Blackhawks, Jimmy Howard is pulled from the net.
18:54 of 3rd period - Wrist shot by Rick Nash.
18:54 of 3rd period - Deflect By Antoine Roussel.
18:54 of 3rd period - Shot Misses the Net.
18:54 of 3rd period - Puck is out of play.
18:55 of 3rd period - John Tortorella call a timeout for Blackhawks.
18:55 of 3rd period - Derick Brassard wins face-off versus Andrew Cogliano in Penguins zone.
18:58 of 3rd period - Wrist shot by Antoine Roussel.
18:58 of 3rd period - Shot Misses the Net.
19:00 of 3rd period - Snap shot by Antoine Roussel.
19:00 of 3rd period - Stopped by Michal Neuvirth without a rebound.
19:01 of 3rd period - Derick Brassard wins face-off versus Andrew Cogliano in Penguins zone.
19:54 of 3rd period - Snap shot by Rick Nash.
19:54 of 3rd period - Goal by Rick Nash - Penguins : 2 - Blackhawks : 2.
19:54 of 3rd period - Jimmy Howard from Blackhawks was sent back in the game.
19:55 of 3rd period - Antoine Roussel wins face-off versus Logan Couture in neutral zone.
Goals for this period are 1 for Penguins vs 1 for Blackhawks.
Shots for this period are 9 for Penguins vs 16 for Blackhawks.
0:00 - Minor Penalty to Keith Aulie for Hooking.
Overtime #1
0:01 of 1st overtime period - Logan Couture wins face-off versus Antoine Roussel in neutral zone.
0:52 of 1st overtime period - Wrist shot by Johnny Gaudreau.
0:52 of 1st overtime period - Stopped by Michal Neuvirth without a rebound.
0:53 of 1st overtime period - Antoine Roussel wins face-off versus Joe Colborne in Penguins zone.
1:40 of 1st overtime period - Wrist shot by Joe Colborne.
1:40 of 1st overtime period - Shot Misses the Net.
2:00 of 1st overtime period - Penalty to Keith Aulie is over, Keith Aulie is back on ice.
2:40 of 1st overtime period - Steven Stamkos is hit by Johnny Gaudreau and loses puck.
2:50 of 1st overtime period - Icing by Patrick Marleau.
2:51 of 1st overtime period - Derick Brassard wins face-off versus Andrew Cogliano in Blackhawks zone.
3:02 of 1st overtime period - Nick Leddy is hit by Sean Zimmerman and loses puck.
3:10 of 1st overtime period - Icing by Derick Brassard.
3:11 of 1st overtime period - Steven Stamkos wins face-off versus Johnny Gaudreau in Blackhawks zone.
4:22 of 1st overtime period - Slapshot by Logan Couture.
4:22 of 1st overtime period - Shot Misses the Net.
4:38 of 1st overtime period - Wrist shot by Johnny Gaudreau.
4:38 of 1st overtime period - Deflect By Rick Nash.
4:38 of 1st overtime period - Shot Misses the Net.
4:38 of 1st overtime period - Puck is out of play.
4:39 of 1st overtime period - Steven Stamkos wins face-off versus Johnny Gaudreau in Penguins zone.
4:56 of 1st overtime period - John Carlson is hit by Andreas Martinsen and loses puck.
Goals for this period are 0 for Penguins vs 0 for Blackhawks.
Shots for this period are 0 for Penguins vs 1 for Blackhawks.
ShootOut
5:00 of 1st overtime period - Round #1.
5:00 of 1st overtime period - Penguins, Andrew Cogliano.
5:00 of 1st overtime period - Deke by Andrew Cogliano.
5:00 of 1st overtime period - Stopped by Jimmy Howard.
5:00 of 1st overtime period - Blackhawks, Antoine Roussel.
5:00 of 1st overtime period - Backhand shot by Antoine Roussel.
5:00 of 1st overtime period - Stopped by Michal Neuvirth.
5:00 of 1st overtime period - Round #2.
5:00 of 1st overtime period - Penguins, Logan Couture.
5:00 of 1st overtime period - Snap shot by Logan Couture.
5:00 of 1st overtime period - Goal by Logan Couture.
5:00 of 1st overtime period - Blackhawks, Derick Brassard.
5:00 of 1st overtime period - Snap shot by Derick Brassard.
5:00 of 1st overtime period - Stopped by Michal Neuvirth.
5:00 of 1st overtime period - Round #3.
5:00 of 1st overtime period - Penguins, Marcus Foligno.
5:00 of 1st overtime period - Deke by Marcus Foligno.
5:00 of 1st overtime period - Shot Misses the Net.
5:00 of 1st overtime period - Blackhawks, Johnny Gaudreau.
5:00 of 1st overtime period - Deke by Johnny Gaudreau.
5:00 of 1st overtime period - Stopped by Michal Neuvirth.